 Dungeon Crawl Stone Soup version 0.19-a0-1216-g363869b (webtiles) character file.

10628 4thArraOfDagon the Severer (level 11, -3/121 (123) HPs)
             Began as a Minotaur Berserker on Aug 23, 2016.
             Was an Elder of Trog.
             Slain by Nattefrost's ghost (33 damage)
             ... on level 1 of the Orcish Mines.
             The game lasted 00:12:51 (2860 turns).

4thArraOfDagon the Severer (Minotaur Berserker)     Turns: 2860, Time: 00:12:51

HP:   -3/121 (123)  AC: 17    Str: 30    XL:     11   Next: 38%
MP:   0/10          EV: 10    Int:  5    God:    Trog [****..]
Gold: 300           SH:  0    Dex: 11    Spells: 0 memorised, 10 levels left

rFire  . . .     SeeInvis .     E - +3 hand axe (curse)
rCold  . . .     Gourm    .     I - +1 chain mail "Oqysm" {Regen+ Dex+2} (curse)
rNeg   . . .     Faith    .     (no shield)
rPois  .         Spirit   .     (helmet restricted)
rElec  .         Dismiss  .     M - +0 cloak
rCorr  +         Reflect  .     p - +0 pair of gloves
MR     .....     Harm     .     s - +0 pair of boots
Stlth  ..........               (no amulet)
                                (no ring)
                                d - ring of resist corrosion

@: berserking, drained, very quick
A: retaliatory headbutt, horns 2
a: Berserk, Trog's Hand, Brothers in Arms, Burn Spellbooks, Renounce Religion


You were on level 1 of the Orcish Mines.
You worshipped Trog.
Trog was greatly pleased with you.
You were hungry.

You visited 2 branches of the dungeon, and saw 13 of its levels.

You collected 547 gold pieces.
You spent 247 gold pieces at shops.

Inventory:

Hand Weapons
 a - a +0 hand axe
 E - a cursed +3 hand axe (weapon)
Missiles
 z - a throwing net (quivered)
Armour
 b - a +0 animal skin
 e - a +0 ring mail
 p - a +0 pair of gloves (worn)
 r - a +0 plate armour
 s - a +0 pair of boots (worn)
 H - a +0 plate armour of fire resistance
 I - the cursed +1 chain mail "Oqysm" (worn) {Regen+ Dex+2}
   (You bought it in a shop on level 11 of the Dungeon)

   It affects your dexterity (+2).
   It increases your rate of regeneration.
   It has a curse placed upon it.
 M - a +0 cloak (worn)
Jewellery
 d - a ring of resist corrosion (left hand)
Wands
 y - a wand of polymorph (17/24)
 A - a wand of disintegration (17/24)
 D - a wand of paralysis (3/24)
Scrolls
 j - 11 scrolls of identify {unknown}
 l - 2 scrolls of remove curse {unknown}
 m - a scroll of recharging {unknown}
 n - a scroll of enchant weapon {unknown}
 q - 4 scrolls of fear {unknown}
 w - a scroll of immolation {unknown}
 B - a scroll of teleportation {unknown}
 F - 2 scrolls of blinking {unknown}
 G - 2 scrolls of fog {unknown}
 O - a scroll of holy word {unknown}
Potions
 f - a potion of resistance {unknown}
 h - 2 potions of lignification {unknown}
 i - 2 potions of degeneration {unknown}
 k - a potion of curing {unknown}
 o - 2 potions of brilliance {unknown}
 t - 2 potions of might {unknown}
 u - a potion of cancellation {unknown}
 v - a potion of mutation {unknown}
 x - 2 potions of agility {unknown}
Books
 C - a book of Cantrips

   Spells                             Type                      Level
   a - Confusing Touch                Hexes                        1
   b - Animate Skeleton               Necromancy                   1
   c - Summon Small Mammal            Summoning                    1
   d - Apportation                    Translocation                1
   Trog disapproves of the use of such an item.
Miscellaneous
 J - a phantom mirror
Comestibles
 c - 2 bread rations
 g - 3 meat rations


   Skills:
 - Level 3.6(3.1) Fighting
 * Level 16.7(16.1) Axes
 + Level 12.3(11.7) Armour
 - Level 2.1(1.7) Dodging


You had 10 spell levels left.
You didn't know any spells.

Dungeon Overview and Level Annotations

Branches:
Dungeon (12/15)            Temple (0/1) D:6             Orc (1/2) D:12
   Lair: D:8-11

Altars:
Fedhas
Yredelemnul
The Shining One
Beogh

Shops:
D:6 %   D:11 [   D:12 (   Orc:1 *

Annotations:
Orc:1 Nattefrost's ghost, journeyman HOBe


Innate Abilities, Weirdness & Mutations

You reflexively headbutt those who attack you in melee.
You have a pair of horns on your head.


Message History

You closely miss Nattefrost's ghost.
Nattefrost's ghost is almost destroyed.
You hit Nattefrost's ghost but do no damage.
Your headbutt misses Nattefrost's ghost.
Nattefrost's ghost is almost destroyed.
Nattefrost's ghost hits you!!
* * * LOW HITPOINT WARNING * * *
You feel your power leaking away.
You hit Nattefrost's ghost but do no damage.
Your headbutt misses Nattefrost's ghost.
Nattefrost's ghost is almost destroyed.
You hit Nattefrost's ghost but do no damage.
Nattefrost's ghost is almost destroyed.
Your skin stops crawling.
You feel less resistant to hostile enchantments.
You miss Nattefrost's ghost.
Your headbutt misses Nattefrost's ghost.
Nattefrost's ghost is almost destroyed.
Nattefrost's ghost hits you!!
You die...

#....... ##......
####...#..
####.##......
#######.#..........
##....#... .##......
#......#.#####......
#......#.##.##......
#>@W...............
##....)..#.##......
#...)#.............
##....##..........)
###.....)..#....))
##..............
##.............
##.##.........
######.##....


You could see Nattefrost's ghost.

Vanquished Creatures
  A hill giant (D:10)
  An orc knight (D:12)
  2 ugly things (D:11)
  An orc sorcerer (Orc:1)
  Maurice (D:12)
  4 trolls
  A two-headed ogre (D:11)
  A vampire (D:11)
  Sigmund (D:3)
  20 yaks
  Menkaure (D:7)
  A hippogriff (D:11)
  A warg (Orc:1)
  An ice beast (D:11)
  A sky beast (D:11)
  5 orc warriors
  A necrophage (D:11)
  3 ogres (Orc:1)
  2 crocodiles (D:11)
  A centaur (D:11)
  2 big kobolds
  3 giant frogs (D:8)
  4 scorpions
  14 killer bees
  10 wights
  A howler monkey (D:5)
  3 crimson imps
  2 hounds
  2 jellies
  2 giant frog skeletons
  4 orc priests
  4 orc wizards
  2 iguanas
  3 worker ants
  A hound zombie (D:11)
  A worker ant zombie (D:5)
  9 adders
  2 shadow imps (D:8)
  An adder zombie (D:8)
  2 adder skeletons
  A giant gecko (D:8)
  35 orcs
  A bat (D:3)
  5 giant cockroaches
  6 goblins
  7 hobgoblins
  4 jackals
  2 quokkas
  2 giant newts (D:2)
  15 kobolds
  8 rats
208 creatures vanquished.

Notes
Turn   | Place    | Note
-------+----------+-------------------------------------------
     0 | D:1      | 4thArraOfDagon the Minotaur Berserker began the quest for the Orb.
     0 | D:1      | Reached XP level 1. HP: 19/19 MP: 0/0
   221 | D:2      | Reached XP level 2. HP: 25/26 MP: 1/1
   268 | D:2      | Reached skill level 4 in Axes
   325 | D:2      | Reached XP level 3. HP: 31/31 MP: 2/2
   360 | D:3      | Reached ** piety under Trog
   432 | D:3      | Reached skill level 5 in Axes
   535 | D:3      | Reached XP level 4. HP: 36/39 MP: 3/3
   547 | D:3      | Noticed Sigmund
   563 | D:3      | Killed Sigmund
   563 | D:3      | Reached skill level 6 in Axes
   563 | D:3      | Reached XP level 5. HP: 45/45 MP: 4/4
   620 | D:4      | Reached skill level 5 in Armour
   620 | D:4      | Reached XP level 6. HP: 51/51 MP: 5/5
   662 | D:4      | Reached skill level 7 in Axes
   677 | D:4      | Found a blossoming altar of Fedhas.
   718 | D:5      | Entered Level 5 of the Dungeon
   773 | D:4      | You fall through a shaft!
   823 | D:5      | Found a glowing golden altar of the Shining One.
   959 | D:6      | Found a staircase to the Ecumenical Temple.
  1025 | D:6      | Reached skill level 8 in Axes
  1036 | D:6      | Found Nugaedif's Food Shop.
  1085 | D:7      | Noticed Menkaure
  1088 | D:7      | Killed Menkaure
  1088 | D:7      | Reached XP level 7. HP: 57/57 MP: 6/6
  1214 | D:8      | Reached skill level 9 in Axes
  1215 | D:8      | Reached *** piety under Trog
  1284 | D:8      | Reached XP level 8. HP: 64/64 MP: 7/7
  1289 | D:8      | Reached skill level 10 in Axes
  1326 | D:8      | Found a basalt altar of Yredelemnul.
  1478 | D:8      | Reached skill level 11 in Axes
  1545 | D:9      | Noticed a troll
  1566 | D:9      | Killed a troll
  1577 | D:10     | Entered Level 10 of the Dungeon
  1586 | D:9      | Reached XP level 9. HP: 43/70 MP: 8/8
  1623 | D:10     | Reached skill level 12 in Axes
  1659 | D:10     | Noticed a hill giant
  1684 | D:10     | Killed a hill giant
  1741 | D:10     | Reached skill level 13 in Axes
  1791 | D:11     | Noticed a brown ugly thing
  1799 | D:11     | Killed a brown ugly thing
  1844 | D:11     | Reached skill level 10 in Armour
  1953 | D:10     | Reached **** piety under Trog
  1964 | D:11     | Found Xilues's Antique Armour Boutique.
  1974 | D:11     | Bought a distressingly furry chain mail for 247 gold pieces
  1984 | D:11     | Identified the cursed +1 chain mail "Oqysm" {Regen+ Dex+2} (You bought it in a shop on level 11 of the Dungeon)
  2046 | D:11     | Reached XP level 10. HP: 76/76 MP: 9/9
  2083 | D:11     | Reached skill level 14 in Axes
  2155 | D:11     | Reached skill level 15 in Axes
  2197 | D:11     | Noticed a purple ugly thing
  2208 | D:11     | Killed a purple ugly thing
  2368 | D:12     | Found Taop's Antique Weapon Emporium.
  2368 | D:12     | Noticed Maurice
  2369 | D:12     | Paralysed by Maurice for 2 turns
  2376 | D:12     | Paralysed by Maurice for 4 turns
  2390 | D:12     | Killed Maurice
  2390 | D:12     | Reached XP level 11. HP: 80/81 MP: 10/10
  2470 | D:12     | Reached skill level 16 in Axes
  2473 | D:12     | Noticed an orc knight
  2495 | D:12     | Killed an orc knight
  2597 | D:12     | Found a roughly hewn altar of Beogh.
  2597 | D:12     | Found a staircase to the Orcish Mines.
  2605 | Orc:1    | Entered Level 1 of the Orcish Mines
  2606 | Orc:1    | Found Jidis's General Store.
  2620 | Orc:1    | Reached ***** piety under Trog
  2741 | Orc:1    | Noticed an orc sorcerer
  2751 | Orc:1    | Killed an orc sorcerer
  2771 | Orc:1    | Noticed Nattefrost's ghost (journeyman HOBe)
  2860 | Orc:1    | Slain by Nattefrost's ghost

Vault maps used:
D:1:      dpeg_arrival_tiny_d
D:2:      lemuel_coloured_pillars_altar, eat_drink_and_be_merry_uskayaw
D:3:      minmay_wonky_spiral, uniq_sigmund
D:4:      overflow_temple_1_default, minmay_goblin_outpost
D:5:      nicolae_tso_carved_into_rock, first_bread, kennysheep_slug_shrine
D:6:      portal_sewer_entry_a, serial_shops, shop, kennysheep_generic_room_12
D:7:      boulder_indie, uniq_menkaure
D:8:      yredelemnul_altar_generic
D:9:      david_lair_shrubbed
D:11:     serial_shops, shop
D:12:     david_orc_5, serial_shops, shop_statue, uniq_maurice
Orc:1:    serial_shops, nicolae_shop_crystal

Skill      XL: |  1  2  3  4  5  6  7  8  9 10 11 |
---------------+----------------------------------+-----
Armour         | 3 4 5 6 7 8 10 11 12 | 12.3
Axes           | 4 5 6 8 9 11 13 15 16 | 16.7
Fighting       | |  3.6
Dodging        | |  2.1

Action                   |  1- 3 |  4- 6 |  7- 9 | 10-12 || total
-------------------------+-------+-------+-------+-------++-------
Melee: Hand axe          |    66 |    70 |   195 |   226 ||   557
       Headbutt          |     9 |    15 |    32 |    55 ||   111
Throw: Throwing net      |       |       |       |     1 ||     1
Invok: Berserk           |     2 |     3 |     6 |     7 ||    18
       Trog's Hand       |       |       |     8 |     5 ||    13
       Burn Spellbooks   |       |       |       |     3 ||     3
       Brothers in Arms  |       |       |       |     3 ||     3
  Eat: Royal jelly       |       |     1 |       |       ||     1
       Chunk             |       |     2 |    10 |     7 ||    19
       Fruit             |       |     2 |       |       ||     2
       Beef jerky        |       |       |     1 |       ||     1
       Bread ration      |       |       |       |     1 ||     1
       Pizza             |       |       |       |     1 ||     1
Armor: Ring mail         |    23 |    28 |     9 |       ||    60
       Plate armour      |       |       |   126 |       ||   126
       Chain mail        |       |       |     6 |    88 ||    94
Dodge: Dodged            |    39 |    47 |   100 |    72 ||   258
